 Dungeon Crawl Stone Soup version 0.31-a0-145-g046c7d2549 (webtiles) character file.

Game seed: 17047198114873976409

657 qw the Skirmisher (level 7, -3/61 HPs)
             Began as a Minotaur Hunter on June 7, 2023.
             Slain by a gnoll
             ... wielding a +0 club
              (8 damage)
             ... on level 4 of the Dungeon.
             The game lasted 00:01:18 (3257 turns).

qw the Skirmisher (Minotaur Hunter)                 Turns: 3257, Time: 00:01:18

Health: -3/61      AC:  2    Str: 16    XL:     7   Next: 29%
Magic:  6/6        EV:  7    Int:  6    God:
Gold:   219        SH:  0    Dex: 15    Spells: 6/6 levels left

rFire   . . .        Y - +3 shortbow
rCold   . . .        (shield currently unavailable)
rNeg    . . .        c - +0 robe {Will+}
rPois   +            (helmet restricted)
rElec   .            (no cloak)
rCorr   .            (no gloves)
SInv    +            (no boots)
Will    ++...        (no amulet)
Stlth   +++          j - ring of willpower
HPRegen 0.30/turn    b - ring of the Cuttlefish {+Blink rPois SInv Stlth+}
MPRegen 0.10/turn

%: no passive effects
@: held
A: horns 2, retaliatory headbutt
a: Evoke Blink


You were on level 4 of the Dungeon.
You visited 1 branch of the dungeon, and saw 4 of its levels.
You also visited: Sewer.

You collected 219 gold pieces.


Innate Abilities, Weirdness & Mutations

You have a pair of horns on your head.
You reflexively headbutt those who attack you in melee.


   Skills:
 - Level 5.1 Fighting
 + Level 8.2 Ranged Weapons
 - Level 2.2 Armour
 - Level 3.0 Dodging
 - Level 0.7 Stealth


You had 6 spell levels left.
You didn't know any spells.
Your spell library was empty.

Inventory:

Hand Weapons
 Y - a +3 shortbow (weapon)
Armour
 c - a +0 robe of willpower (worn)
 n - a +0 ring mail
Jewellery
 b - the ring of the Cuttlefish (right hand) {+Blink rPois SInv Stlth+}
   (You acquired it on level 2 of the Dungeon)

   [ring of poison resistance]

   rPois:     It protects you from poison.
   SInv:      It lets you see invisible.
   +Blink:    It lets you blink.
   Stlth:     It makes you more stealthy.
 j - a ring of willpower (left hand)
Scrolls
 a - a scroll of identify
Potions
 k - a potion of might {unknown}
 l - a potion of curing
 m - 4 potions of haste

Dungeon Overview and Level Annotations

Branches:
Dungeon (4/15)              Sewer (visited)
 Temple: D:4-7

Altars:
Trog
Yredelemnul
The Shining One

Annotations:
D:2 1 runed translucent door, Crazy Yiuf
D:3 3 runed translucent doors, qw's ghost, amateur GrFi


Message History

You furiously retaliate!
You headbutt the gnoll. The gnoll barely misses you.
The gnoll hits you with a +0 club. The gnoll barely misses you.
You furiously retaliate!
You headbutt the gnoll. The gnoll barely misses you.
The gnoll hits you with a +0 flail! The gnoll hits you with a +0 club.
The gnoll hits you with a +0 club!
An endoplasm comes into view.
The gnoll barely misses you. The gnoll closely misses you.
The gnoll hits you with a +0 club.
The endoplasm jiggles.
The gnoll hits you with a +0 flail! The gnoll hits you with a +0 club.
3247 ||| DRINKING potion of heal wounds.
You feel much better. The gnoll barely misses you. You furiously retaliate!
You headbutt the gnoll!
You kill the gnoll!
The gnoll hits you with a +0 club. The endoplasm freezes you.
You are frozen.
The gnoll hits you with a +0 club.
3249 ||| DRINKING 2 yellow potions.
It was a potion of curing.
You feel better. The gnoll hits you with a +0 club.
The endoplasm barely misses you.
The endoplasm hits you but does no damage.
The gnoll completely misses you. You furiously retaliate!
You headbutt the gnoll! The gnoll barely misses you.
The endoplasm hits you but does no damage.
A hobgoblin comes into view.
The gnoll hits you with a +0 club.
The endoplasm jiggles.
The endoplasm hits you but does no damage.
The gnoll closely misses you. The endoplasm freezes you.
You are frozen.
The gnoll hits you with a +0 club! The endoplasm hits you.
The gnoll hits you with a +0 club! The endoplasm freezes you.
You are frozen.
The endoplasm hits you but does no damage.
The gnoll hits you with a +0 club. The gnoll hits you with a +0 club!
You die...

## ## #¤ ###########
#### #. ....))g@J(#
#.. #. ..#######.#####
#.# #.
#..........####.# #¤
#...............# #.
......(..##.###..#####
.%..[....##.# #....#..
##.......##.# ##.#..%.
#.......##.# #.###..
#.#.....##.# #.# ###


You could see a gnoll and an endoplasm.

Vanquished Creatures
  Sigmund (D:3)
  A water moccasin (Sewer)
  A centaur (D:4)
  A hound (D:4)
  An orc priest (D:3)
  Jessica (D:3)
  Natasha (thrice) (D:4)
  3 gnolls (D:4)
  2 adders (D:4)
  A worm (D:3)
  2 dart slugs
  12 orcs
  9 endoplasms
  4 giant cockroaches
  4 goblins
  5 hobgoblins
  5 jackals
  9 quokkas
  3 ball pythons
  18 bats
  4 frilled lizards
  9 kobolds
  8 rats
107 creatures vanquished.

Vanquished Creatures (others)
  A wizard (D:4)
  An orc priest (D:4)
2 creatures vanquished.

Grand Total: 109 creatures vanquished

Notes
Turn   | Place    | Note
-------+----------+-------------------------------------------
     0 | D:1      | qw the Minotaur Hunter began the quest for the Orb.
     0 | D:1      | Reached XP level 1. HP: 18/18 MP: 0/0
     0 | D:1      | 0 ||| qw: Version: 0.2-a-117-gc6b5c8b
     0 | D:1      | 0 ||| qw: Game counter: 2429
     0 | D:1      | 0 ||| qw: Always use a shield: true
     0 | D:1      | 0 ||| qw: God list: Okawaru
     0 | D:1      | 0 ||| qw: Allow faded altars: false
     0 | D:1      | 0 ||| qw: Do Orc after D:15 true
     0 | D:1      | 0 ||| qw: Do second Lair branch before Depths: true
     0 | D:1      | 0 ||| qw: Lair rune preference: random
     0 | D:1      | 0 ||| qw: Plans: Normal
     0 | D:1      | 0 ||| PLANNING D:1-11
    37 | D:1      | 37 ||| Stepping ~*~*~tactically~*~*~ (outnumbered).
    88 | D:1      | 88 ||| Stepping ~*~*~tactically~*~*~ (outnumbered).
    93 | D:1      | Reached XP level 2. HP: 19/25 MP: 1/1
    94 | D:1      | Reached skill level 5 in Ranged Weapons
   336 | D:1      | Reached skill level 3 in Fighting
   743 | D:1      | 743 ||| UPGRADING to ring of willpower.
   744 | D:1      | 744 ||| READING 2 scrolls labelled OBANAR TATOGEAL.
   745 | D:1      | 745 ||| READING scroll labelled LOXITW LARUBRO.
   746 | D:1      | 746 ||| READING scroll labelled BIM JANANGEXE.
   747 | D:1      | 747 ||| DROPPING scroll of butterflies.
   771 | D:2      | Reached XP level 3. HP: 31/31 MP: 2/2
   852 | D:2      | 852 ||| READING scroll of enchant weapon.
   852 | D:2      | 852 ||| ENCHANTING +1 shortbow.
  1534 | D:2      | Found a runed translucent door.
  1535 | D:2      | Noticed Crazy Yiuf
  1538 | D:2      | 1538 ||| UPGRADING to +0 ring mail.
  1548 | D:2      | 1548 ||| DROPPING +0 leather armour.
  1549 | D:2      | 1549 ||| READING scroll labelled LAEBUA IFUK.
  1550 | D:2      | 1550 ||| READING scroll labelled TIXEUMI ETEHAR.
  1551 | D:2      | 1551 ||| READING scroll labelled QONIOLO NONNE.
  1551 | D:2      | Identified a scroll of acquirement
  1551 | D:2      | 1551 ||| ACQUIRING ring of the Cuttlefish {+Blink rPois
                  | SInv Stlth+}
  1551 | D:2      | Acquired the ring of the Cuttlefish {+Blink rPois SInv
                  | Stlth+}
  1553 | D:2      | 1553 ||| UPGRADING to ring of the Cuttlefish {+Blink rPois
                  | SInv Stlth+}.
  1554 | D:2      | 1554 ||| DRINKING 2 black potions.
  1599 | D:2      | 1599 ||| READING 4 scrolls of identify.
  1599 | D:2      | 1599 ||| IDENTIFYING sapphire potion
  1600 | D:2      | 1600 ||| READING 3 scrolls of identify.
  1600 | D:2      | 1600 ||| IDENTIFYING bubbling puce potion
  1601 | D:2      | 1601 ||| READING 2 scrolls of identify.
  1601 | D:2      | 1601 ||| IDENTIFYING pink potion
  1602 | D:2      | 1602 ||| DROPPING potion of magic.
  1603 | D:2      | 1603 ||| DROPPING potion of attraction.
  1604 | D:2      | 1604 ||| DROPPING potion of lignification.
  1638 | D:3      | 1638 ||| PLANNING SEWER
  1720 | D:3      | Noticed Jessica
  1722 | D:3      | Killed Jessica
  1723 | D:3      | Reached XP level 4. HP: 38/38 MP: 3/3
  1746 | D:3      | 1746 ||| READING scroll of enchant weapon.
  1746 | D:3      | 1746 ||| ENCHANTING +2 shortbow.
  1886 | D:3      | Reached skill level 6 in Ranged Weapons
  2024 | D:3      | Found a glowing drain.
  2029 | D:3      | 2029 ||| UPGRADING to +0 robe of willpower.
  2039 | D:3      | 2039 ||| DRINKING 4 fizzy golden potions.
  2040 | D:3      | 2040 ||| DROPPING 3 potions of degeneration.
  2047 | Sewer    | Entered a sewer
  2051 | Sewer    | Reached XP level 5. HP: 45/45 MP: 4/4
  2076 | Sewer    | Noticed a water moccasin
  2081 | Sewer    | Killed a water moccasin
  2116 | Sewer    | 2116 ||| READING 2 scrolls of identify.
  2116 | Sewer    | 2116 ||| IDENTIFYING clear potion
  2117 | Sewer    | 2117 ||| DROPPING potion of enlightenment.
  2126 | D:3      | 2126 ||| PLANNING D:1-11
  2273 | D:3      | Found a runed translucent gate.
  2273 | D:3      | Found a runed translucent gate.
  2273 | D:3      | Found a runed translucent gate.
  2274 | D:3      | Noticed qw's ghost (amateur GrFi)
  2303 | D:3      | Identified the +4 dagger of Propriety {venom, *Rage rC+++
                  | Int+3}
  2330 | D:3      | Noticed Sigmund
  2334 | D:3      | Killed Sigmund
  2335 | D:3      | Reached skill level 7 in Ranged Weapons
  2335 | D:3      | Reached XP level 6. HP: 56/56 MP: 5/5
  2491 | D:3      | 2491 ||| READING scroll labelled MOITHR COMUMANG.
  2500 | D:3      | 2500 ||| READING 2 scrolls of identify.
  2500 | D:3      | 2500 ||| IDENTIFYING red potion
  2501 | D:3      | 2501 ||| DROPPING potion of ambrosia.
  2564 | D:4      | Noticed Natasha
  2574 | D:4      | HP: 10/56 [cerulean imp/+2 spear[Natasha] (6)]
  2575 | D:4      | 2575 ||| DRINKING 2 potions of heal wounds.
  2578 | D:4      | Killed Natasha
  2812 | D:4      | Found a bloodstained altar of Trog.
  2813 | D:4      | Noticed a wizard
  2818 | D:4      | Killed a wizard
  2921 | D:4      | Noticed Natasha
  2923 | D:4      | 2923 ||| Stepping ~*~*~tactically~*~*~ (outnumbered).
  2924 | D:4      | 2924 ||| Stepping ~*~*~tactically~*~*~ (outnumbered).
  2931 | D:4      | Killed Natasha
  2957 | D:4      | Reached skill level 8 in Ranged Weapons
  2957 | D:4      | Reached XP level 7. HP: 24/61 MP: 6/6
  2998 | D:4      | Noticed Natasha
  3004 | D:4      | Killed Natasha
  3173 | D:4      | Found a glowing golden altar of the Shining One.
  3175 | D:4      | Noticed an angel
  3189 | D:4      | Found a basalt altar of Yredelemnul.
  3235 | D:4      | Reached skill level 3 in Dodging
  3246 | D:4      | HP: 12/61 [gnoll/+0 flail (7)]
  3247 | D:4      | 3247 ||| DRINKING potion of heal wounds.
  3249 | D:4      | 3249 ||| DRINKING 2 yellow potions.
  3255 | D:4      | HP: 11/61 [gnoll/+0 club (7)]
  3256 | D:4      | HP: 4/61 [gnoll/+0 club (2)]
  3257 | D:4      | Slain by a gnoll

Levels and vault maps discovered:
D:1:      lemuel_arrival_hallway, layout_basic
D:2:      layout_basic, corexii_leaking_fountain, uniq_crazy_yiuf_cottage
D:3:      layout_loops_ring, biasface_ghost_orc_armoury, gup_sewer_entry_pipe,
          serial_glass, glass_columns_a, glass_columns_b,
          kennysheep_generic_room_14, uniq_sigmund, uniq_jessica
D:4:      minmay_clustersquares, layout_loops_ring,
          grunt_temple_overflow_holy_war, trog_wizard, uniq_natasha

Skill      XL: |  1  2  3  4  5  6  7 |
---------------+----------------------+-----
Ranged Weapons | 5 6 7 8 |  8.2
Fighting       | 3 5 |  5.1
Armour         | 2 |  2.2
Dodging        | 3 |  3.0
Stealth        | |  0.7

Action                     |  1- 3 |  4- 6 |  7- 9 || total
---------------------------+-------+-------+-------++-------
   Fire: Shortbow          |    99 |   128 |    37 ||   264
    Use: Scroll            |    10 |     4 |       ||    14
         Potion            |     1 |     2 |     2 ||     5
 Armour: Leather armour    |     3 |       |       ||     3
         Ring mail         |       |     6 |       ||     6
         Robe              |       |     9 |     4 ||    13
  Dodge: Dodged            |    19 |    44 |    15 ||    78

Table legend:
 A = Non-vault XP
 B = Vault XP
 C = Vault XP percentage of total XP
 D = Non-vault monster count
 E = Vault monster count
 F = Vault count percentage of total count
                 A         B        C        D         E       F
            +---------+---------+-------+---------+---------+-------
      Total |     482 |     457 |  48.7 |      87 |      20 |  18.7
            +---------+---------+-------+---------+---------+-------
        D:1 |      39 |       0 |   0.0 |      23 |       0 |   0.0
        D:2 |      27 |       0 |   0.0 |      17 |       0 |   0.0
        D:3 |      96 |     262 |  73.2 |      27 |       8 |  22.9
        D:4 |     320 |      36 |  10.1 |      20 |       1 |   4.8
      Sewer |       0 |     159 | 100.0 |       0 |      11 | 100.0
            +---------+---------+-------+---------+---------+-------
